 Dungeon Sprint DCSS version 0.31-a0-879-g1609e0ac53 (webtiles) character file.

Game seed: 9597244344969657435

6535 sircluck the Brawler (level 10, -1/178 HPs)
             Began as a Troll Berserker on Oct 14, 2023.
             Was a High Priest of Trog.
             Slain by a 14-headed hydra (5 damage)
             ... in the Dungeon (Sprint III: "The Ten Rune Challenge").
             The game lasted 00:02:43 (959 turns).

sircluck the Brawler (Troll Berserker)               Turns: 959, Time: 00:02:43

Health: -1/178     AC:  5    Str: 31    XL:     10   Next: 69%
Magic:  9/9        EV: 13    Int:  3    God:    Trog [*****.]
Gold:   36         SH:  0    Dex:  9    Spells: 9/9 levels left

rFire   . .          .
                       - Unarmed
rCold   . . .        (no shield)
rNeg    . . .        a - +0 animal skin
rPois   .            (helmet restricted)
rElec   .            (no cloak)
rCorr   .            (gloves unavailable)
SInv    .            (boots unavailable)
Will    .....        (no amulet) Stlth
                     (no ring)
HPRegen 1.29/turn    (no ring)
MPRegen 0.11/turn

%: no teleportation
@: berserking (expiring), very quick
A: large, unfitting armour, claws 3, regeneration 1, shaggy fur 2, tough skin 1,
antennae 1
a: Renounce Religion, Berserk, Trog's Hand, Brothers in Arms


You were in the Dungeon.
You worshipped Trog.
Trog was extremely pleased with you.
You visited 1 branch You collected 36 gold pieces.

Inventory:

Armour
 a - a +0 animal skin (worn)
Scrolls
 g - a scroll of blinking
 h - a scroll of amnesia {unknown}
 j - 3 scrolls of immolation {unknown}
 k - 2 scrolls of identify {unknown}
 l - a scroll of poison {unknown}
Potions
 b - 2 potions of curing
 c - 2 potions of heal wounds
 d - a potion of haste
 e - 2 potions of magic
 f - a potion of berserk rage
 m - a potion of enlightenment {unknown}
Miscellaneous
 i - a tin of tremorstones (2/2)


   Skills:
 + Level 13.1 Fighting
 + Level 12.9 Dodging
 + Level 15.2 Unarmed Combat


You had 9 spell levels left.
You didn't know any spells.
Your spell library was empty.

Dungeon Overview and Level Annotations

Branches:
Dungeon (1/1)

Altars:
Cheibriados
Dithmenos
Elyvilon
Fedhas
Gozag
Hepliaklqana
Kikubaaqudgha
Makhleb
Nemelex Xobeh
Okawaru
Qazlal
Ru
Sif Muna
Trog
Uskayaw
Vehumet
Wu Jian
Xom
Yredelemnul
Zin
The Shining One
Jiyva
Lugonu


Innate Abilities, Weirdness & Mutations

You are too large for most types of armour.
You have claws for hands.
Your natural rate of healing is unusually fast.
You are covered in thick fur. (AC +2)
You have tough skin. (AC +1)
You have a pair of small antennae on your head.


Message History

You tear one of the 12-headed hydra's heads off!
The 11-headed hydra grows two more!
You claw the 13-headed hydra!
The 13-headed hydra is heavily wounded.
The 13-headed hydra bites you. The 13-headed hydra misses you.
The 13-headed hydra closely misses you. The 13-headed hydra misses you.
The 13-headed hydra bites you but does no damage.
The 13-headed hydra bites you!
* * * LOW HITPOINT WARNING * * *
The 13-headed hydra misses you.
The 13-headed hydra bites you but does no damage.
The 13-headed hydra bites you!
* * * LOW HITPOINT WARNING * * *
The 13-headed hydra bites you.
* * * LOW HITPOINT WARNING * * *
The 13-headed hydra bites you.
* * * LOW HITPOINT WARNING * * *
The 13-headed hydra bites you.
* * * LOW HITPOINT WARNING * * *
The 13-headed hydra closely misses you.
Unknown command.
Unknown command.
Unknown command.
You rip one of the 13-headed hydra's heads off!
The 12-headed hydra grows two more!
You scratch the 14-headed hydra.
The 14-headed hydra is moderately wounded.
Unknown command.
Unknown command.
Unknown command.
Unknown command.
Unknown command.
The 14-headed hydra attacks as it pursues you!
The 14-headed hydra bites you!
* * * LOW HITPOINT WARNING * * *
The 14-headed hydra bites you but does no damage.
The 14-headed hydra barely misses you. The 14-headed hydra bites you.
* * * LOW HITPOINT WARNING * * *
The 14-headed hydra closely misses you. x2; The 14-headed hydra bites you!
* * * LOW HITPOINT WARNING * * *
The 14-headed hydra bites you.
You die...

.......#___#__'...#.))#..#.)##..'
▓▓▓▓▓▓▓▓▓▓▓▓▓▓▓▓▓▓▓▓▓▓▓▓▓▓▓▓▓▓▓▓#
* ♣♣~~~..).....~~~...# ~ ~
+♣♣†♣≈≈≈≈≈≈≈≈≈≈≈≈♣♣P.'
{#.~♣♣♣♣♣♣♣♣♣♣♣♣♣♣♣♣PP# * #..♣♣
♣♣♣# ###†♣♣♣♣♣♣♣♣♣♣♣♣♣♣ *
♣♣♣♣†##D.##~~~D~≈.. , *
♣...##@##.#~~~~≈...
♣♣.##.##†##{~~D≈≈#
♣..#.##)..#{~.....
♣♣.##†##..#S..+###
♣♣†##.#####...# ♣.....# ...#
####### ####


You could see a 14-headed hydra.

Vanquished Creatures
  A hydra (D)
  Erolcha (D)
  Urug (D)
  A lindwurm (D)
  A deep elf pyromancer (D)
  2 cane toads (D)
  A komodo dragon (D)
  2 tyrant leeches (D)
  3 wandering mushrooms (D)
  A shadow (D)
  5 redbacks (D)
  A spatial vortex (D)
  5 two-headed ogres (D)
  A water elemental (D)
  A scorpion (D)
  A necrophage (D)
  A jelly (D)
  Jessica (D)
  A necromancer (D)
  A wizard (D)
  3 humans (D)
  A kobold demonologist (D)
  2 endoplasms (D)
  A rat (D)
39 creatures vanquished.

Notes
Turn   | Place    | Note
-------+----------+-------------------------------------------
     0 | D        | sircluck the Troll Berserker began the quest for the Orb.
     0 | D        | Reached XP level 1. HP: 22/22 MP: 0/0
    20 | D        | Noticed Jessica
    22 | D        | Killed Jessica
    22 | D        | Reached ** piety under Trog
    23 | D        | Reached skill level 4 in Unarmed Combat
    23 | D        | Reached XP level 2. HP: 29/32 MP: 1/1
    23 | D        | Reached XP level 3. HP: 35/39 MP: 2/2
    56 | D        | Noticed a scorpion
    67 | D        | Killed a scorpion
    67 | D        | Reached *** piety under Trog
    68 | D        | Reached skill level 5 in Fighting
    68 | D        | Reached skill level 5 in Dodging
    68 | D        | Reached skill level 6 in Unarmed Combat
    68 | D        | Reached XP level 4. HP: 29/50 MP: 3/3
   101 | D        | Noticed a water elemental
   108 | D        | Killed a water elemental
   109 | D        | Reached XP level 5. HP: 11/59 MP: 4/4
   161 | D        | Gained mutation: You passively map a small area around you.
                  | [potion of mutation]
   179 | D        | Found a glowing silver altar of Zin.
   179 | D        | Found a glowing golden altar of the Shining One.
   179 | D        | Found a white marble altar of Elyvilon.
   180 | D        | Noticed a deep elf pyromancer
   193 | D        | Killed a deep elf pyromancer
   194 | D        | Reached skill level 9 in Unarmed Combat
   194 | D        | Reached XP level 6. HP: 58/72 MP: 5/5
   194 | D        | Reached XP level 7. HP: 64/80 MP: 6/6
   215 | D        | Found a hide-covered altar of Uskayaw.
   215 | D        | Found an iron altar of Okawaru.
   215 | D        | Found a bloodstained altar of Trog.
   215 | D        | Found an ornate altar of the Wu Jian Council.
   215 | D        | Noticed a human
   216 | D        | Noticed a human
   219 | D        | Killed a human
   219 | D        | Reached **** piety under Trog
   220 | D        | Reached skill level 10 in Unarmed Combat
   222 | D        | Killed a human
   233 | D        | Found a basalt altar of Yredelemnul.
   233 | D        | Found a shadowy altar of Dithmenos.
   233 | D        | Found a sacrificial altar of Ru.
   258 | D        | Noticed a shadow
   263 | D        | Killed a shadow
   263 | D        | Reached ***** piety under Trog
   264 | D        | Reached XP level 8. HP: 87/92 MP: 7/7
   265 | D        | Lost mutation: You passively map a small area around you.
                  | [potion of mutation]
   265 | D        | Gained mutation: Your spells are a little harder to cast,
                  | but a little more powerful. [potion of mutation]
   265 | D        | Gained mutation: Potions are less effective at restoring
                  | your health. [potion of mutation]
   266 | D        | Lost mutation: Your spells are a little harder to cast, but
                  | a little more powerful. [potion of mutation]
   266 | D        | Lost mutation: Potions are less effective at restoring your
                  | health. [potion of mutation]
   266 | D        | Gained mutation: You are partially covered in iridescent
                  | scales. (AC +2) [potion of mutation]
   266 | D        | Gained mutation: You are strong-willed. (Will+) [potion of
                  | mutation]
   267 | D        | Lost mutation: You are partially covered in iridescent
                  | scales. (AC +2) [potion of mutation]
   267 | D        | Lost mutation: You are strong-willed. (Will+) [potion of
                  | mutation]
   267 | D        | Gained mutation: You are covered in thick fur. (AC +2)
                  | [potion of mutation]
   267 | D        | Gained mutation: You have a pair of small antennae on your
                  | head. [potion of mutation]
   273 | D        | Found a blossoming altar of Fedhas.
   273 | D        | Found a stormy altar of Qazlal.
   273 | D        | Found a snail-covered altar of Cheibriados.
   273 | D        | Found a burning altar of Makhleb.
   273 | D        | Found a shimmering altar of Xom.
   274 | D        | Found a hazy altar of Hepliaklqana.
   274 | D        | Found an opulent altar of Gozag.
   274 | D        | Found a sparkling altar of Nemelex Xobeh.
   274 | D        | Found a corrupted altar of Lugonu.
   274 | D        | Found a viscous altar of Jiyva.
   281 | D        | Reached skill level 11 in Unarmed Combat
   302 | D        | Found a radiant altar of Vehumet.
   302 | D        | Found a shimmering blue altar of Sif Muna.
   302 | D        | Found an ancient bone altar of Kikubaaqudgha.
   342 | D        | Received a gift from Trog
   359 | D        | Noticed a two-headed ogre
   365 | D        | Killed a two-headed ogre
   366 | D        | Reached skill level 10 in Fighting
   366 | D        | Reached skill level 10 in Dodging
   410 | D        | Noticed Erolcha
   410 | D        | Noticed a two-headed ogre
   415 | D        | Killed Erolcha
   416 | D        | Reached skill level 12 in Unarmed Combat
   416 | D        | Reached XP level 9. HP: 102/102 MP: 8/8
   420 | D        | Killed a two-headed ogre
   425 | D        | Reached skill level 13 in Unarmed Combat
   464 | D        | Noticed a wandering mushroom
   469 | D        | Noticed a wandering mushroom
   471 | D        | Noticed a wandering mushroom
   483 | D        | Reached ****** piety under Trog
   488 | D        | Killed a wandering mushroom
   488 | D        | Received a gift from Trog
   514 | D        | Noticed a cane toad
   514 | D        | Noticed a komodo dragon
   514 | D        | Noticed a cane toad
   517 | D        | Killed a komodo dragon
   519 | D        | Killed a cane toad
   521 | D        | Killed a cane toad
   522 | D        | Reached skill level 14 in Unarmed Combat
   522 | D        | Reached XP level 10. HP: 115/115 MP: 9/9
   709 | D        | Noticed a lindwurm
   714 | D        | Killed a lindwurm
   889 | D        | Noticed Urug
   894 | D        | Killed Urug
   936 | D        | Noticed a five-headed hydra
   936 | D        | Noticed an eight-headed hydra
   951 | D        | Killed a six-headed hydra
   951 | D        | Received a gift from Trog
   952 | D        | Reached skill level 15 in Unarmed Combat
   959 | D        | HP: 4/178 [14-headed hydra (10)]
   959 | D        | Slain by a 14-headed hydra

Illustrated notes

Levels and vault maps discovered:
D:        dungeon_sprint_mu [sprint_mu_entry_forest, sprint_mu_temple_rooms,
          sprint_mu_d1_spiders, sprint_mu_d2_genie, sprint_mu_d3_branching,
          sprint_mu_orc_legion, sprint_mu_elf_gauntlet, sprint_mu_hive_nellie,
          sprint_mu_lair_fedhas, sprint_mu_vaults_butterflies,
          sprint_mu_slime_circle, sprint_mu_shoals_archi,
          sprint_mu_snake_twists, sprint_mu_blade_basic, sprint_mu_crypt_lich,
          sprint_mu_tomb_spiral, sprint_mu_vestibule_basic,
          sprint_mu_gehenna_hellfire, sprint_mu_dis_giant,
          sprint_mu_tartarus_statrot, sprint_mu_cocytus_islands, sprint_mu_zot1]

Skill      XL: |  1  2  3  4  5  6  7  8  9 10 |
---------------+-------------------------------+-----
Fighting       | 3 5 8 9 10 12 13 | 13.1
Dodging        | 3 5 7 9 10 11 12 | 12.9
Unarmed Combat | 4 6 9 10 12 14 15 | 15.2

Action                     |  1- 3 |  4- 6 |  7- 9 | 10-12 || total
---------------------------+-------+-------+-------+-------++-------
  Melee: Unarmed           |    24 |    16 |    66 |    45 ||   151
         Punch             |       |       |     4 |     2 ||     6
 Invoke: Berserk           |       |       |     2 |     5 ||     7
         Brothers in Arms  |       |       |       |     1 ||     1
    Use: Potion            |       |     1 |     3 |       ||     4
 Armour: Animal skin       |    14 |     8 |    30 |    50 ||   102
  Dodge: Dodged            |     5 |     7 |    16 |    18 ||    46

Table legend: (Time is in decaauts)
 A = Elapsed time spent in this place.
 B = Non-inter-level travel time spent in this place.
 C = Inter-level travel time spent in this place.
 D = Time resting spent in this place.
 E = Time spent auto-exploring this place.
 F = Levels seen in this place.
 G = Mean time per level.
                   A        B        C        D        E       F      G
               +--------+--------+--------+--------+--------+-----+--------+
         Total |    983 |    954 |     29 |    455 |    237 |   1 |  983.0 |
       Dungeon |    983 |    954 |     29 |    455 |    237 |   1 |  983.0 |
               +--------+--------+--------+--------+--------+-----+--------+

Top non-repeatable levels by time:
       D: 983 daAuts
